 Dungeon Crawl Stone Soup version 0.21.1-1-g345015f (webtiles) character file.

297 yevrey the Ruffian (level 6, -5/51 HPs)
             Began as a Draconian Transmuter on Apr 22, 2018.
             Slain by Silentouch's ghost (13 damage)
             ... on level 4 of the Dungeon.
             The game lasted 00:11:26 (4352 turns).

yevrey the Ruffian (Draconian Transmuter)           Turns: 4352, Time: 00:11:27

Health: -5/51      AC:  6    Str: 13    XL:     6   Next: 12%
Magic:  7/10       EV: 12    Int: 15    God:
Gold:   243        SH:  0    Dex: 11    Spells: 5/11 levels left

rFire    . . .     SeeInvis .     - Unarmed
rCold    . . .     Gourm    .   (no shield)
rNeg     . . .     Faith    .   (armour unavailable)
rPois    .         Spirit   .   (helmet restricted)
rElec    .         Reflect  .   (no cloak)
rCorr    .         Harm     .   (no gloves)
MR       .....                  (no boots)
Stlth    +.........             (no amulet)
HPRegen  0.17/turn              (no ring)
MPRegen  0.12/turn              (no ring)

@: no status effects
A: unfitting armour, cold-blooded, AC +6
a: no special abilities


You were on level 4 of the Dungeon.
You were not hungry.

You visited 1 branch of the dungeon, and saw 5 of its levels.

You collected 243 gold pieces.

Inventory:

Missiles
 a - 28 arrows
Wands
 r - a wand of polymorph (4)
Scrolls
 d - 3 scrolls of teleportation {unknown}
 e - 8 scrolls of identify {unknown}
 h - a scroll of enchant weapon {unknown}
 i - 3 scrolls of blinking {unknown}
 j - a scroll of remove curse {unknown}
 k - a scroll of immolation {unknown}
 l - a scroll of noise {unknown}
 p - a scroll of fog {unknown}
 q - a scroll of fear {unknown}
 s - a scroll of amnesia {unknown}
Potions
 f - a potion of curing
 g - a potion of lignification {unknown}
 m - a potion of haste {unknown}
 n - a potion of magic {unknown}
 o - a potion of mutation {unknown}
 t - a potion of heal wounds {unknown}
Books
 b - a book of Changes

   Spells                             Type                      Level
   a - Beastly Appendage              Transmutation                1
   b - Sticks to Snakes               Transmutation                2
   c - Spider Form                    Transmutation/Poison         3
   d - Ice Form                       Ice/Transmutation            4
   e - Blade Hands                    Transmutation                5
Comestibles
 c - 7 rations


   Skills:
 * Level 3.1 Fighting
 - Level 1.7 Dodging
 + Level 4.3 Unarmed Combat
 + Level 3.2 Spellcasting
 + Level 3.2 Transmutations
 * Level 1.9 Poison Magic


You had 5 spell levels left.
You knew the following spells:

 Your Spells              Type           Power        Failure   Level  Hunger
a - Beastly Appendage     Tmut           ##....       5%          1    #......
b - Sticks to Snakes      Tmut           ##......     8%          2    ##.....
c - Spider Form           Tmut/Pois      ##........   21%         3    ###....


Dungeon Overview and Level Annotations

Branches:
Dungeon (5/15)
 Temple: D:4-7

Altars:
Fedhas
Xom

Shops:
D:4 ?

Annotations:
D:3 mikkabouzu's ghost, amateur OgBe
D:4 Silentouch's ghost, amateur DrFi


Innate Abilities, Weirdness & Mutations

Your plain brown scales are hard. (AC +6)
You cannot fit into any form of body armour.
You are cold-blooded and may be slowed by cold attacks.


Message History

Your ball python bites Silentouch's ghost but does no damage.
Your ball python misses Silentouch's ghost.
Silentouch's ghost closely misses you.
You hit Silentouch's ghost.
Silentouch's ghost is moderately damaged.
Your transformation has ended.
Your ball python barely misses Silentouch's ghost.
Your ball python misses Silentouch's ghost.
Silentouch's ghost hits you!
* * * LOW HITPOINT WARNING * * *
Your ball python closely misses Silentouch's ghost. x2
Your ball python completely misses Silentouch's ghost.
Your ball python bites Silentouch's ghost but does no damage.
There is an open door here.
Your ball python bites Silentouch's ghost.
Your ball python withers and dies!
Your ball python bites Silentouch's ghost but does no damage.
There is an escape hatch in the floor here.
Silentouch's ghost hits you!
You die...

#.....'........#
#######SS......##
#####.....#
#.....#
#########..>..#
####.............#
#................#
#..............S.#
#.............@W.#
#....########..>.#
#....# #....#
#....# #....#
#....# #....#
#....# #....#
#....# ######
#....# ######


You could see Silentouch's ghost and a friendly ball python.

Vanquished Creatures
  A howler monkey (D:4)
  3 orc wizards
  5 adders
  An adder skeleton (D:4)
  A worm (D:2)
  2 dart slugs
  3 leopard geckos
  12 orcs
  5 giant cockroaches
  6 goblins
  4 hobgoblins
  6 jackals
  8 kobolds
  2 quokkas (D:3)
  A ball python (D:3)
  6 bats
  5 frilled lizards
  A leopard gecko zombie (D:5)
  8 rats
80 creatures vanquished.

Vanquished Creatures (collateral kills)
  A scorpion (D:3)
  An adder (D:3)
2 creatures vanquished.

Grand Total: 82 creatures vanquished

Notes
Turn   | Place    | Note
-------+----------+-------------------------------------------
     0 | D:1      | yevrey the Draconian Transmuter began the quest for the Orb.
     0 | D:1      | Reached XP level 1. HP: 16/16 MP: 3/3
    95 | D:2      | Reached XP level 2. HP: 13/23 MP: 3/5
  1103 | D:1      | Learned a level 2 spell: Sticks to Snakes
  1117 | D:2      | Reached XP level 3. HP: 29/29 MP: 0/6
  1122 | D:2      | Learned a level 3 spell: Spider Form
  1253 | D:2      | Found a blossoming altar of Fedhas.
  2053 | D:4      | Reached XP level 4. HP: 36/36 MP: 3/7
  2207 | D:4      | Reached skill level 1 in Poison Magic
  2569 | D:3      | Noticed mikkabouzu's ghost (amateur OgBe)
  2764 | D:3      | Reached XP level 5. HP: 25/42 MP: 4/9
  3102 | D:3      | Reached skill level 4 in Unarmed Combat
  3682 | D:4      | Found a hazy altar of Hepliaklqana.
  3684 | D:4      | Found an ornate altar of the Wu Jian Council.
  3684 | D:4      | Found a sacrificial altar of Ru.
  3686 | D:4      | Found a shimmering altar of Xom.
  3686 | D:4      | Found a glowing golden altar of the Shining One.
  3686 | D:4      | Found an iron altar of Okawaru.
  3803 | D:5      | Entered Level 5 of the Dungeon
  4086 | D:4      | Noticed Silentouch's ghost (amateur DrFi)
  4240 | D:4      | Reached XP level 6. HP: 44/51 MP: 4/10
  4299 | D:4      | Found Tonkip's Magic Scroll Emporium.
  4352 | D:4      | Slain by Silentouch's ghost

Skill      XL: |  1  2  3  4  5 |
---------------+----------------+-----
Fighting       | 2 3 |  3.1
Poison Magic   | 1 |  1.9
Unarmed Combat | 4 |  4.3
Spellcasting   | 3 |  3.2
Transmutations | 3 |  3.2
Dodging        | |  1.7

Action                   |  1- 3 |  4- 6 || total
-------------------------+-------+-------++-------
Melee: Unarmed           |   133 |   142 ||   275
       Headbutt          |    11 |     4 ||    15
       Kick              |     9 |     1 ||    10
       Tailslap          |     8 |     3 ||    11
       Punch             |     1 |       ||     1
 Cast: Beastly Appendage |    22 |     9 ||    31
       Sticks to Snakes  |     2 |     6 ||     8
       Spider Form       |     6 |    13 ||    19
 Abil: End Transformatio |       |     2 ||     2
  Use: Potion            |       |     3 ||     3
 Stab: Sleeping          |       |     1 ||     1
  Eat: Ration            |     2 |     1 ||     3
       Chunk             |     1 |     6 ||     7
Armor: Skin              |    39 |    27 ||    66
Dodge: Dodged            |    99 |   132 ||   231
